 Dungeon Crawl Stone Soup version 0.28-a0-172-g787e458d71 (webtiles) character file.

Game seed: 7178344702676094605

590 porpoise the Skirmisher (level 7, -3/57 HPs)
             Began as a Demonspawn Gladiator on Aug 17, 2021.
             Slain by an ogre (15 damage)
             ... on level 5 of the Dungeon.
             The game lasted 00:11:26 (4188 turns).

porpoise the Skirmisher (Demonspawn Gladiator)      Turns: 4188, Time: 00:11:27

Health: -3/57      AC:  5    Str: 16    XL:     7   Next: 16%
Magic:  7/7        EV: 11    Int: 10    God:
Gold:   62         SH:  0    Dex: 14    Spells: 6/6 levels left

rFire   . . .      SeeInvis .   a - +0 trident
rCold   + . .      Faith    .   (no shield)
rNeg    . . .      Spirit   .   g - +0 ring mail
rPois   .          Reflect  .   (helmet restricted)
rElec   .          Harm     .   (no cloak)
rCorr   .          Rampage  .   (no gloves)
Will    .....                   (no boots)
Stlth   +.........              j - amulet of the acrobat
HPRegen 0.19/turn               l - ring of protection from cold
MPRegen 0.10/turn               (no ring)

@: no status effects
A: horns 2
a: no special abilities


You were on level 5 of the Dungeon.
You visited 1 branch of the dungeon, and saw 5 of its levels.

You collected 78 gold pieces.
You spent 16 gold pieces at shops.

Inventory:

Hand Weapons
 a - a +0 trident (weapon)
 b - a +0 hunting sling
 u - a +2 whip of venom
Missiles
 d - 3 throwing nets (quivered)
 e - 105 stones
 m - 7 boomerangs
 r - 72 arrows
 t - 6 poisoned darts
 y - 26 sling bullets
Armour
 g - a +0 ring mail (worn)
Jewellery
 j - an amulet of the acrobat (around neck)
 l - a ring of protection from cold (left hand)
Wands
 p - a wand of mindburst (11)
Scrolls
 c - a scroll of summoning {unknown}
 i - a scroll of enchant weapon {unknown}
 k - 2 scrolls of vulnerability {unknown}
 n - a scroll of noise {unknown}
 q - a scroll of teleportation
 s - 2 scrolls of identify
 v - a scroll of fear {unknown}
 w - a scroll of fog {unknown}
 x - a scroll of immolation {unknown}
 A - a scroll of enchant armour {unknown}
 B - a scroll of magic mapping {unknown}
Potions
 f - a potion of brilliance
 h - 2 potions of curing
 o - a potion of invisibility
 z - a potion of lignification {unknown}
 C - a potion of flight


   Skills:
 + Level 5.7 Fighting
 + Level 5.6 Polearms
 - Level 1.7 Throwing
 - Level 2.6 Dodging


You had 6 spell levels left.
You didn't know any spells.
Your spell library contained the following spells:

 Spells                   Type           Power      Damage    Failure   Level
 Iskenderun's Battlesphe  Conj           0%         2d6       100%        5
 Iron Shot                Conj/Erth      0%         9d1       100%        6
 Spellforged Servitor     Conj/Summ      0%         N/A       100%        7


Dungeon Overview and Level Annotations

Branches:
Dungeon (5/15)
 Temple: D:4-7

Altars:
Cheibriados
Hepliaklqana

Shops:
D:2 :   D:3 *[[([


Innate Abilities, Weirdness & Mutations

You have a pair of horns on your head.


Message History

An iguana and an ogre come into view.
The ogre shouts!
The iguana hisses angrily.
You see here a +0 cloak.
a - a +0 trident (weapon)
You hit the iguana.
You headbutt the iguana, but do no damage.
The iguana is lightly wounded.
The iguana bites you!
You barely miss the iguana. You headbutt the iguana!
The iguana is heavily wounded.
The iguana misses you.
You barely miss the iguana.
The iguana is heavily wounded.
The iguana bites you but does no damage.
You hit the iguana but do no damage.
The iguana is heavily wounded.
The iguana bites you.
You hit the iguana.
The iguana is severely wounded.
The iguana closely misses you.
You barely miss the iguana.
The iguana is severely wounded.
The iguana barely misses you.
You barely miss the iguana.
The iguana is severely wounded.
The iguana bites you!
Your ring mail prevents you from hitting the iguana.
You headbutt the iguana.
The iguana is almost dead.
The iguana bites you!
You barely miss the iguana. You headbutt the iguana.
You kill the iguana!
You hit the ogre.
The ogre is lightly wounded.
The ogre hits you with a +0 giant club!
* * * LOW HITPOINT WARNING * * *
You barely miss the ogre.
The ogre is lightly wounded.
The ogre hits you with a +0 giant club!
You die...

#....#
#......##......#
.....#
#......##......#
.....#
#......###'#####
.....#
#.......##.#
#.......##.#
#.....[.##.#
#....O...#.#
#......#O#.#
#......#@#.#
#......#...#
####....#..#
#....#..#
#....##.# #.[..
#.# #.... .>.
#.... #.## #.#


You could see an ogre.

Vanquished Creatures
  2 black bears
  An ogre (D:3)
  A phantom (D:4)
  A scorpion (D:4)
  A centaur skeleton (D:4)
  An iguana (D:5)
  6 adders
  2 adder skeletons
  4 dart slugs
  7 endoplasms
  2 giant cockroaches
  6 goblins
  8 hobgoblins
  9 jackals (D:3)
  7 kobolds
  3 quokkas
  3 ball pythons
  4 bats
  2 frilled lizards
  8 rats
78 creatures vanquished.

Notes
Turn   | Place    | Note
-------+----------+-------------------------------------------
     0 | D:1      | porpoise the Demonspawn Gladiator began the quest for the
                  | Orb.
     0 | D:1      | Reached XP level 1. HP: 16/16 MP: 1/1
   259 | D:1      | Gained mutation: You have a pair of small horns on your
                  | head. [demonic ancestry]
   259 | D:1      | Reached XP level 2. HP: 23/23 MP: 2/2
   831 | D:1      | Gained mutation: You have a pair of horns on your head.
                  | [demonic ancestry]
   831 | D:1      | Reached XP level 3. HP: 28/28 MP: 3/3
  1036 | D:2      | Found Qumpatef's Book Shop.
  1092 | D:2      | Found a hazy altar of Hepliaklqana.
  1476 | D:2      | You fall into a shaft and drop 1 floor!
  1556 | D:3      | Found Apaumoyss's Armour Boutique.
  1560 | D:3      | Found Goell's Antique Armour Shop.
  1719 | D:3      | Found Iwuguam's Antique Armour Shop.
  1810 | D:3      | Found Emoik's Weapon Boutique.
  1908 | D:3      | Noticed an ogre
  1924 | D:3      | Killed an ogre
  1925 | D:3      | Reached XP level 4. HP: 37/37 MP: 4/4
  1925 | D:3      | Reached XP level 5. HP: 42/42 MP: 5/5
  1938 | D:3      | Bought a +0 hunting sling for 16 gold pieces
  2632 | D:3      | Found Etac's General Store.
  2674 | D:3      | Found a snail-covered altar of Cheibriados.
  2913 | D:4      | Noticed a black bear
  2924 | D:3      | Killed a black bear
  2925 | D:3      | Reached XP level 6. HP: 13/49 MP: 6/6
  3436 | D:4      | Reached skill level 5 in Fighting
  3436 | D:4      | Reached skill level 5 in Polearms
  3977 | D:5      | Entered Level 5 of the Dungeon
  4023 | D:5      | Reached XP level 7. HP: 46/57 MP: 7/7
  4188 | D:5      | Slain by an ogre

Illustrated notes

Levels and vault maps discovered:
D:1:      roderic_chinese_lattice_arrival, layout_loops_ring
D:2:      layout_basic, basic_altar, serial_shops, nicolae_square_shop
D:3:      layout_rooms, kennysheep_slug_shrine, serial_shops, shop_fountains,
          shop, shop, shop, nicolae_shop_waterfront, kennysheep_generic_room_5
D:4:      layout_rooms, serial_rivers, chequers_serial_rivers_micro_b,
          chequers_serial_rivers_micro_b, chequers_serial_rivers_micro_c,
          chequers_serial_rivers_small_a, chequers_serial_rivers_room_b
D:5:      layout_basic

Skill      XL: |  1  2  3  4  5  6 |
---------------+-------------------+-----
Polearms       | 3 4 5 |  5.6
Fighting       | 4 5 |  5.7
Throwing       | |  1.7
Dodging        | |  2.6

Action                   |  1- 3 |  4- 6 |  7- 9 || total
-------------------------+-------+-------+-------++-------
Melee: Trident           |   122 |    89 |    11 ||   222
       Headbutt          |    12 |    15 |     4 ||    31
 Fire: Hunting sling     |       |    50 |       ||    50
Evoke: Wand              |       |     5 |       ||     5
  Use: Scroll            |       |     6 |       ||     6
 Stab: Sleeping          |     1 |       |       ||     1
Armor: Leather armour    |    13 |       |       ||    13
       Ring mail         |    11 |    32 |     1 ||    44
Dodge: Dodged            |    50 |    54 |     3 ||   107

Table legend: (Time is in decaauts)
 A = Elapsed time spent in this place.
 B = Non-inter-level travel time spent in this place.
 C = Inter-level travel time spent in this place.
 D = Time resting spent in this place.
 E = Time spent auto-exploring this place.
 F = Levels seen in this place.
 G = Mean time per level.
                   A        B        C        D        E       F      G
               +--------+--------+--------+--------+--------+-----+--------+
         Total |   4205 |   4087 |    118 |   1248 |   2219 |   5 |  841.0 |
       Dungeon |   4205 |   4087 |    118 |   1248 |   2219 |   5 |  841.0 |
               +--------+--------+--------+--------+--------+-----+--------+

Top non-repeatable levels by time:
     D:3: 1206 daAuts
     D:1: 991 daAuts
     D:2: 964 daAuts
     D:4: 856 daAuts
     D:5: 187 daAuts
